 Dungeon Crawl Stone Soup version 0.24.0-1-gfbc8707 (webtiles) character file.

Game seed: 6945711422931490443, levelgen mode: deterministic

571 Fang the Skirmisher (level 7, -1/45 HPs)
             Began as a Gargoyle Berserker on Nov 6, 2019.
             Was a Believer of Trog.
             Slain by a sky beast (2 damage)
             ... on level 5 of the Dungeon.
             The game lasted 00:03:50 (4461 turns).

Fang the Skirmisher (Gargoyle Berserker)            Turns: 4461, Time: 00:03:51

Health: -1/45      AC: 10    Str: 22    XL:     7   Next: 34%
Magic:  7/7        EV: 12    Int:  8    God:    Trog [**....]
Gold:   105        SH:  0    Dex:  9    Spells: 6/6 levels left

rFire    . . .     SeeInvis .   a - +0 hand axe
rCold    . . .     Gourm    .   (no shield)
rNeg     + . .     Faith    .   b - +0 animal skin
rPois    ∞         Spirit   .   (no helmet)
rElec    +         Reflect  .   h - scarf {repulsion}
rCorr    .         Harm     .   q - +2 pair of gloves
MR       .....                  (no boots)
Stlth    +.........             (no amulet)
HPRegen  0.15/turn              (no ring)
MPRegen  0.10/turn              (no ring)

@: berserk cooldown, slowed, repel missiles, very slow
A: negative energy resistance 1, electricity resistance, unbreathing,
petrification resistance, rot immunity, AC +4
a: Berserk, Trog's Hand, Renounce Religion


You were on level 5 of the Dungeon.
You worshipped Trog.
Trog was pleased with you.
You were near starving.

You visited 2 branches of the dungeon, and saw 6 of its levels.

You collected 105 gold pieces.

Inventory:

Hand Weapons
 a - a +0 hand axe (weapon)
Armour
 b - a +0 animal skin (worn)
 h - a scarf of repulsion (worn)
 q - a +2 pair of gloves (worn)
Wands
 j - a wand of paralysis (8)
Scrolls
 g - 5 scrolls of teleportation {unknown}
 i - 5 scrolls of magic mapping {unknown}
 m - a scroll of immolation {unknown}
 n - 2 scrolls of amnesia {unknown}
 o - 2 scrolls of random uselessness {unknown}
Potions
 d - 2 potions of flight {unknown}
 e - a potion of resistance {unknown}
 f - 4 potions of curing {unknown}
 k - a potion of magic {unknown}
 l - 2 potions of brilliance {unknown}
 p - a potion of berserk rage {unknown}
Comestibles
 c - 10 rations


   Skills:
 * Level 5.8 Fighting
 * Level 4.7 Axes
 + Level 4.0 Armour
 + Level 3.0 Dodging


You had 6 spell levels left.
You didn't know any spells.
Your spell library was empty.

Dungeon Overview and Level Annotations

Branches:
Dungeon (5/15)             Temple (1/1) D:5

Altars:
Ashenzari
Elyvilon
Xom


Innate Abilities, Weirdness & Mutations

You are resistant to torment.
Your stone body is resilient. (AC +4)
You are immune to poison.
You resist negative energy. (rN+)
You are resistant to electric shocks. (rElec)
You can survive without breathing.
You are immune to petrification.
You are immune to rotting.


Message History

Reactivating autopickup.
The sky beast hits you but does no damage.
The sky beast hits you but does no damage.
You are near starving!
You hit the sky beast.
The sky beast is severely wounded.
The sky beast closely misses you.
The sky beast hits you but does no damage.
You closely miss the sky beast.
The sky beast is severely wounded.
The sky beast flickers out of sight!
Deactivating autopickup; reactivate with Ctrl-A.
Something hits you.
* * * LOW HITPOINT WARNING * * *
Something shocks you. You resist.
* * * LOW HITPOINT WARNING * * *
You closely miss something. Something barely misses you. Something hits you.
* * * LOW HITPOINT WARNING * * *
Something shocks you. You resist.
You die...

###############
.......@.......
#######{.##..##
#..# #.)# #.)#
#†)# #..#
#####..#
###......#


There were no monsters in sight!

Vanquished Creatures
  A centaur (D:4)
  An ogre (D:4)
  A howler monkey (D:4)
  An orc priest (D:4)
  A bullfrog skeleton (D:5)
  A centaur skeleton (D:5)
  Jessica (D:2)
  2 iguanas (D:5)
  2 orc wizards (D:5)
  A worker ant (D:4)
  5 adders
  A howler monkey skeleton (D:4)
  An ooze (D:1)
  A worm (D:2)
  2 dart slugs
  4 leopard geckos
  7 orcs
  A ball python (D:1)
  5 giant cockroaches
  6 goblins
  3 hobgoblins
  3 jackals (D:4)
  6 kobolds
  10 bats
  2 frilled lizards
  A jackal skeleton (D:4)
  A leopard gecko skeleton (D:4)
  4 rats
75 creatures vanquished.

Notes
Turn   | Place    | Note
-------+----------+-------------------------------------------
     0 | D:1      | Fang the Gargoyle Berserker began the quest for the Orb.
     0 | D:1      | Reached XP level 1. HP: 14/14 MP: 1/1
   333 | D:1      | Reached XP level 2. HP: 19/19 MP: 2/2
  1096 | D:1      | Reached XP level 3. HP: 21/23 MP: 3/3
  1331 | D:2      | Noticed Jessica
  1336 | D:2      | Killed Jessica
  1356 | D:2      | Reached skill level 4 in Fighting
  1356 | D:2      | Reached XP level 4. HP: 25/29 MP: 4/4
  1420 | D:2      | Found a shattered altar of Ashenzari.
  1558 | D:2      | Reached ** piety under Trog
  2291 | D:3      | Reached XP level 5. HP: 19/34 MP: 5/5
  3016 | D:4      | Noticed an ogre
  3027 | D:4      | Killed an ogre
  3046 | D:4      | Reached skill level 5 in Fighting
  3046 | D:4      | Reached XP level 6. HP: 17/40 MP: 6/6
  4262 | D:5      | Entered Level 5 of the Dungeon
  4277 | D:5      | Found a staircase to the Ecumenical Temple.
  4301 | D:5      | Reached XP level 7. HP: 23/44 MP: 7/7
  4311 | Temple   | Entered the Ecumenical Temple
  4461 | D:5      | HP: 1/45 [something (4)]
  4461 | D:5      | Slain by a sky beast

Levels and vault maps discovered:
D:1:      eino_arrival_cavern_e, layout_basic
D:2:      layout_rooms, first_ration, evilmike_ruin_ashenzari, uniq_jessica
D:3:      wander_river, layout_basic
D:4:      layout_loops_corners
D:5:      minmay_opposing_rooms, layout_loops_ring, minmay_temple_entry_tees,
          portal_sewer_entry_b
Temple:   nicolae_temple_elliptical

Skill      XL: |  1  2  3  4  5  6  7 |
---------------+----------------------+-----
Axes           | 3 4 |  4.7
Dodging        | 2 3 |  3.0
Fighting       | 4 5 |  5.8
Armour         | 3 4 |  4.0

Action                   |  1- 3 |  4- 6 |  7- 9 || total
-------------------------+-------+-------+-------++-------
Melee: Hand axe          |    63 |   193 |    34 ||   290
Invok: Berserk           |       |     2 |     2 ||     4
 Stab: Sleeping          |       |     2 |       ||     2
  Eat: Chunk             |     1 |    12 |     1 ||    14
Armor: Animal skin       |    40 |    60 |    35 ||   135
Dodge: Dodged            |    67 |   143 |    14 ||   224
       Deflected         |     1 |     6 |       ||     7
